[Event "VIII Iberoamericano Mexico 2022"]
[Site "Mexico City"]
[Date "2022.02.18"]
[Round "7.43"]
[White "Martinez de La Trinidad, Alexandra"]
[Black "Ruiz Perez, Juan Octavio"]
[Result "0-1"]
[ECO "D78"]
[WhiteElo "1843"]
[BlackElo "2074"]
[Annotator "NA"]
[PlyCount "34"]
[EventDate "2022.02.12"]
[EventType "swiss"]
[EventCountry "MEX"]
[SourceTitle "playchess.com"]
[Source "ChessBase"]
[SourceQuality "1"]
[TimeControl "5400+30"]

1. d4 Nf6 2. c4 g6 3. g3 c6 4. Bg2 d5 5. b3 Bg7 6. Nf3 O-O 7. O-O Ne4 8. Bb2 a5 9. Nbd2 a4 10. Nxe4 dxe4 11. Nd2 f5 12. e3 c5 13. f3 a3 14. Bc3 cxd4 15. exd4 Bxd4+ 16. Bxd4 Qxd4+ 17. Kh1 e3 0-1

[Event "VIII Iberoamericano Mexico 2022"]
[Site "Mexico City"]
[Date "2022.02.18"]
[Round "7.44"]
[White "Mares Arellano, Juan Antoni"]
[Black "Zarate Manjarrez, Alfredo"]
[Result "0-1"]
[ECO "B42"]
[WhiteElo "1812"]
[BlackElo "2026"]
[Annotator "NA"]
[PlyCount "88"]
[EventDate "2022.02.12"]
[EventType "swiss"]
[EventCountry "MEX"]
[SourceTitle "playchess.com"]
[Source "ChessBase"]
[SourceQuality "1"]
[TimeControl "5400+30"]

1. e4 c5 2. Nf3 e6 3. d4 cxd4 4. Nxd4 Nf6 5. Bd3 d6 6. O-O Be7 7. b3 O-O 8. Bb2 b6 9. c4 Bb7 10. Qe2 Nbd7 11. Nc3 a6 12. Rad1 Qc7 13. Bb1 Rfe8 14. f4 Bf8 15. Rf3 g6 16. Nc2 Bg7 17. Ne1 Rad8 18. Rc1 Qb8 19. b4 Rc8 20. g3 h5 21. Rf1 Qa7 22. Bd3 b5+ 23. Kg2 bxc4 24. Bxc4 Nxe4 25. Nxe4 Bxe4+ 26. Qxe4 Bxb2 27. Rd1 d5 28. Qe2 Rxc4 29. Qxb2 Rec8 30. Rf2 Qb7 31. Nd3 d4+ 32. Kg1 Qb6 33. Rb1 Nf6 34. Nc5 Ng4 35. Rd2 a5 36. a3 axb4 37. axb4 Ne3 38. Qb3 R8xc5 39. bxc5 Rc1+ 40. Kf2 Qc6 41. Qb8+ Kh7 42. Rxd4 Ng4+ 43. Ke2 Qg2+ 44. Kd3 Qc2# 0-1

[Event "VIII Iberoamericano Mexico 2022"]
[Site "Mexico City"]
[Date "2022.02.18"]
[Round "7.45"]
[White "Diaz Gonzalez Jardon, Emmanuel"]
[Black "Ocampo, Cristina"]
[Result "0-1"]
[ECO "D05"]
[WhiteElo "1807"]
[BlackElo "2024"]
[Annotator "NA"]
[PlyCount "104"]
[EventDate "2022.02.12"]
[EventType "swiss"]
[EventCountry "MEX"]
[SourceTitle "playchess.com"]
[Source "ChessBase"]
[SourceQuality "1"]
[TimeControl "5400+30"]

1. d4 d5 2. Nf3 Nf6 3. e3 e6 4. Bd3 c5 5. c3 Nc6 6. O-O Bd6 7. Nbd2 O-O 8. Re1 e5 9. dxe5 Nxe5 10. Nxe5 Bxe5 11. Nf3 Bd6 12. b3 Bg4 13. h3 Bh5 14. Bb2 Re8 15. Qe2 Qc7 16. Bf5 Rad8 17. Qc2 Bxf3 18. gxf3 g6 19. Bd3 Nd7 20. c4 Be5 21. f4 Bxb2 22. Qxb2 d4 23. exd4 Rxe1+ 24. Rxe1 cxd4 25. b4 Nf6 26. f5 Qf4 27. fxg6 hxg6 28. Qc1 Qh4 29. Kg2 Kg7 30. Qa3 Nh5 31. Bf1 d3 32. Qb2+ Kg8 33. Rd1 Qxc4 34. Qe5 Qc6+ 35. Kg1 Qf3 36. Qg5 Rd5 37. Qg4 Qf6 38. Bg2 Rd4 39. Qc8+ Kg7 40. Qxb7 Nf4 41. a3 Qg5 42. Qf3 d2 43. Kh2 Rd3 44. Qe4 f5 45. Qb7+ Kh6 46. Qa8 Rd8 47. Qf3 Rd3 48. Qa8 Rd8 49. Qc6 Nd3 50. Bf3 Qf4+ 51. Kg2 Ne1+ 52. Kg1 Nd3 0-1

[Event "VIII Iberoamericano Mexico 2022"]
[Site "Mexico City"]
[Date "2022.02.18"]
[Round "7.46"]
[White "Martin Del Campo C., Jorge"]
[Black "Garcia Lopez, Miguel Angel"]
[Result "1-0"]
[ECO "C65"]
[WhiteElo "2019"]
[BlackElo "2262"]
[Annotator "NA"]
[PlyCount "99"]
[EventDate "2022.02.12"]
[EventType "swiss"]
[EventCountry "MEX"]
[SourceTitle "playchess.com"]
[Source "ChessBase"]
[SourceQuality "1"]
[TimeControl "5400+30"]

1. e4 e5 2. Nf3 Nc6 3. Bb5 Nf6 4. d3 Bc5 5. Bxc6 dxc6 6. Nbd2 O-O 7. O-O Re8 8. Nc4 Nd7 9. c3 Bb6 10. a4 a6 11. a5 Ba7 12. Qe2 f6 13. Rd1 Qe7 14. b3 Nc5 15. Ba3 Qf7 16. Rab1 Ne6 17. Bc1 Nc5 18. b4 Ne6 19. Be3 Bxe3 20. fxe3 Qg6 21. Nh4 Qf7 22. Rf1 Nf8 23. Nf5 Kh8 24. Qf3 Bxf5 25. Qxf5 Qd7 26. Rbd1 Qxf5 27. exf5 Rad8 28. Kf2 Kg8 29. d4 exd4 30. cxd4 g6 31. g4 Rd5 32. Ke2 Kg7 33. Kd3 Rdd8 34. e4 Nd7 35. Ke3 Re7 36. Rfe1 Nf8 37. h4 h6 38. e5 Rd5 39. Kf4 g5+ 40. hxg5 hxg5+ 41. Ke4 Rb5 42. Rb1 fxe5 43. dxe5 Nd7 44. Kd4 Rd5+ 45. Kc3 Nxe5 46. Re3 Kf6 47. Rbe1 c5 48. Nxe5 Rdxe5 49. Rxe5 cxb4+ 50. Kd4 1-0

[Event "VIII Iberoamericano Mexico 2022"]
[Site "Mexico City"]
[Date "2022.02.18"]
[Round "7.47"]
[White "Nava Ruiz, Miguel Angel"]
[Black "Guerrero Rodriguez, Alejandra"]
[Result "1-0"]
[ECO "D40"]
[WhiteElo "1696"]
[BlackElo "2019"]
[Annotator "NA"]
[PlyCount "91"]
[EventDate "2022.02.12"]
[EventType "swiss"]
[EventCountry "MEX"]
[SourceTitle "playchess.com"]
[Source "ChessBase"]
[SourceQuality "1"]
[TimeControl "5400+30"]

1. d4 e6 2. Nf3 c5 3. e3 Nf6 4. Bd3 Be7 5. O-O O-O 6. c4 Nc6 7. Nc3 d5 8. cxd5 exd5 9. h3 a6 10. Bd2 Be6 11. Rc1 Re8 12. dxc5 Bxc5 13. Na4 Bf8 14. Nd4 Ne5 15. Nxe6 Rxe6 16. Bf5 Rc6 17. Bc3 Qe8 18. Bd4 g6 19. Bc2 b5 20. Nc3 Rac8 21. a3 Bg7 22. Bb3 Nc4 23. Rc2 Nd6 24. Bxf6 Bxf6 25. Nxd5 Bg7 26. Rxc6 Rxc6 27. Nb4 Rb6 28. Qc2 a5 29. Qc5 Nc8 30. Nd5 Rb8 31. Qc7 Ra8 32. Qc2 Qe5 33. Rb1 Nd6 34. Qc6 Rc8 35. Qd7 Bf8 36. Nf4 a4 37. Bxf7+ Nxf7 38. Qxc8 Nd6 39. Qe6+ Qxe6 40. Nxe6 Be7 41. b3 Ne4 42. bxa4 bxa4 43. Nd4 Bxa3 44. Ra1 Bb4 45. Rxa4 Be7 46. Nc6 1-0

[Event "VIII Iberoamericano Mexico 2022"]
[Site "Mexico City"]
[Date "2022.02.18"]
[Round "7.48"]
[White "Jorajuria Mendoza, Algol"]
[Black "Zacarias Martinez, Daniel"]
[Result "1-0"]
[ECO "C90"]
[WhiteElo "2006"]
[BlackElo "1673"]
[Annotator "NA"]
[PlyCount "85"]
[EventDate "2022.02.12"]
[EventType "swiss"]
[EventCountry "MEX"]
[SourceTitle "playchess.com"]
[Source "ChessBase"]
[SourceQuality "1"]
[TimeControl "5400+30"]

1. e4 e5 2. Nf3 Nc6 3. Bb5 a6 4. Ba4 Nf6 5. d3 d6 6. O-O h6 7. c3 Be7 8. Re1 O-O 9. Nbd2 b5 10. Bb3 Na5 11. Bc2 c5 12. Nf1 Re8 13. a4 Bb7 14. d4 Nc6 15. d5 Nb8 16. Qe2 Qb6 17. h3 Nbd7 18. Be3 Bf8 19. b4 Reb8 20. N1d2 Qc7 21. Ra2 c4 22. Rea1 Ne8 23. Nh2 g6 24. Nb1 Qd8 25. Na3 Nc7 26. Qd2 Kh7 27. Ng4 h5 28. Nh2 Be7 29. Nf3 Nf6 30. Ng5+ Kg8 31. f4 Nd7 32. Nf3 Bf6 33. fxe5 Nxe5 34. Nd4 Qd7 35. Rf1 Bg7 36. Raa1 Rf8 37. Bg5 Rae8 38. Bf6 Bxf6 39. Rxf6 Kg7 40. Qg5 Kh7 41. Raf1 Re7 42. Nf5 gxf5 43. Rh6# 1-0

[Event "VIII Iberoamericano Mexico 2022"]
[Site "Mexico City"]
[Date "2022.02.18"]
[Round "7.49"]
[White "Alvarado Rubio, Matias Uziel"]
[Black "Huguet, Sergio"]
[Result "1-0"]
[ECO "B04"]
[WhiteElo "1691"]
[BlackElo "1977"]
[Annotator "NA"]
[PlyCount "105"]
[EventDate "2022.02.12"]
[EventType "swiss"]
[EventCountry "MEX"]
[SourceTitle "playchess.com"]
[Source "ChessBase"]
[SourceQuality "1"]
[TimeControl "5400+30"]

1. e4 Nf6 2. e5 Nd5 3. c4 Nb6 4. d4 d6 5. exd6 cxd6 6. Nf3 g6 7. Be2 Bg7 8. Nc3 O-O 9. O-O Bg4 10. h3 Bxf3 11. Bxf3 Nc6 12. c5 dxc5 13. dxc5 Nd7 14. Be3 Nde5 15. Be2 Qxd1 16. Rfxd1 Rfd8 17. f4 Nd7 18. Rac1 Nf8 19. Bf3 Ne6 20. g4 Rxd1+ 21. Rxd1 Rd8 22. Rxd8+ Nexd8 23. a3 Bxc3 24. bxc3 Na5 25. Kf2 Nc4 26. Bc1 Ne6 27. Bd5 Na5 28. Be3 Nc7 29. Bf3 e6 30. Bd4 Kf8 31. c6 Nxc6 32. Bxc6 bxc6 33. Bxa7 Nd5 34. c4 Nxf4 35. Kf3 e5 36. h4 Ke7 37. g5 Kd6 38. Ke4 Ng2 39. Bf2 Nf4 40. c5+ Kc7 41. Bg3 Ne6 42. Bxe5+ Kb7 43. Bd6 Ka6 44. Ke5 Kb5 45. a4+ Kxa4 46. Kf6 Kb5 47. Kxf7 Nxc5 48. Kg7 Ne4 49. Bf4 c5 50. Kxh7 c4 51. Kxg6 c3 52. h5 Kc4 53. h6 1-0

[Event "VIII Iberoamericano Mexico 2022"]
[Site "Mexico City"]
[Date "2022.02.18"]
[Round "7.50"]
[White "Benito De Leo, Estefania"]
[Black "Herrera Aruca, Jorge Frank"]
[Result "1/2-1/2"]
[ECO "C08"]
[WhiteElo "1657"]
[BlackElo "1964"]
[Annotator "NA"]
[PlyCount "111"]
[EventDate "2022.02.12"]
[EventType "swiss"]
[EventCountry "MEX"]
[SourceTitle "playchess.com"]
[Source "ChessBase"]
[SourceQuality "1"]
[TimeControl "5400+30"]

1. e4 e6 2. d4 d5 3. Nd2 c5 4. exd5 exd5 5. Bb5+ Nc6 6. Qe2+ Qe7 7. dxc5 Qxe2+ 8. Nxe2 Bxc5 9. Nb3 Bb6 10. c3 Nf6 11. O-O O-O 12. Ned4 Bd7 13. Bd3 h6 14. Re1 Rfe8 15. Bf4 a5 16. Nf3 Bg4 17. Nbd4 Ne4 18. Be3 Nc5 19. Bc2 Nd7 20. Nxc6 bxc6 21. Bxb6 Bxf3 22. Bxa5 Re5 23. Re2 Rxe2 24. Rb1 Re1+ 25. Rxe1 Rxa5 26. gxf3 Rxa2 27. Re8+ Nf8 28. Rb8 g6 29. f4 Kg7 30. f5 Nd7 31. Rb7 Nc5 32. Rb6 Nd7 33. Rb7 Ne5 34. fxg6 Nxg6 35. Bxg6 Kxg6 36. Rb6 f6 37. Rxc6 Rxb2 38. Rd6 Rb5 39. Kf1 Kf5 40. Ke2 Ke5 41. Rd8 Kf4 42. Rh8 Rb2+ 43. Ke1 Rb1+ 44. Ke2 Kg5 45. Rd8 Rb5 46. Ke3 Rc5 47. Kd4 Rc4+ 48. Kd3 Rc5 49. Kd4 Rc4+ 50. Kd3 Rh4 51. Rxd5+ f5 52. c4 Rxh2 53. c5 Rxf2 54. c6 Ra2 55. c7 Ra8 56. Rd8 1/2-1/2

[Event "VIII Iberoamericano Mexico 2022"]
[Site "Mexico City"]
[Date "2022.02.18"]
[Round "7.51"]
[White "Ruiz Ortiz, Cristian Uriel"]
[Black "Francisco Cruz, Yahir Alberto"]
[Result "0-1"]
[ECO "C01"]
[WhiteElo "1525"]
[BlackElo "1949"]
[Annotator "NA"]
[PlyCount "56"]
[EventDate "2022.02.12"]
[EventType "swiss"]
[EventCountry "MEX"]
[SourceTitle "playchess.com"]
[Source "ChessBase"]
[SourceQuality "1"]
[TimeControl "5400+30"]

1. e4 e6 2. d4 d5 3. exd5 exd5 4. Nf3 Bd6 5. Bd3 Ne7 6. O-O Bg4 7. Nbd2 Nbc6 8. c3 Qd7 9. b4 O-O 10. Be2 Rae8 11. Nb3 Ng6 12. Be3 Nce7 13. Nfd2 Bxe2 14. Qxe2 Nf5 15. Nf3 Nxe3 16. fxe3 Bf4 17. Nc5 Qc8 18. Qb5 Bxe3+ 19. Kh1 b6 20. Nb3 c6 21. Qd3 Qg4 22. Ne5 Nxe5 23. Qxe3 Nc4 24. Qf3 Qxf3 25. Rxf3 Re2 26. a4 Rfe8 27. a5 Rb2 28. Nc1 Re1+ 0-1

[Event "VIII Iberoamericano Mexico 2022"]
[Site "Mexico City"]
[Date "2022.02.19"]
[Round "8.26"]
[White "Sandoval Mercado, Carlos"]
[Black "Martin Del Campo C., Jorge"]
[Result "1-0"]
[ECO "E05"]
[WhiteElo "2289"]
[BlackElo "2019"]
[Annotator "ChessBase"]
[PlyCount "167"]
[EventDate "2022.02.12"]
[EventType "swiss"]
[EventCountry "MEX"]
[SourceTitle "playchess.com"]
[Source "ChessBase"]
[SourceQuality "1"]
[TimeControl "5400+30"]

1. d4 Nf6 2. c4 e6 3. Nf3 d5 4. g3 Be7 5. Bg2 O-O 6. O-O dxc4 7. Qc2 a6 8. Qxc4 b5 9. Qc2 Bb7 10. Bd2 Ra7 11. Rc1 Be4 12. Qb3 Nc6 13. e3 Bd5 14. Qd1 Ne4 15. Be1 Qa8 16. Nfd2 Nb4 17. Nxe4 Bxe4 18. Bxe4 Qxe4 19. Nd2 Qg6 20. Qb3 c5 21. dxc5 Nd3 22. Rc3 Nxc5 23. Qc2 Qxc2 24. Rxc2 Nd3 25. Nb3 Bf6 26. Rb1 h6 27. Kf1 e5 28. e4 Be7 29. Ke2 Nxe1 30. Rxe1 a5 31. Rd1 a4 32. Nc1 f6 33. h4 Rb8 34. Nd3 Kf7 35. Rdc1 Rbb7 36. h5 Rd7 37. f3 Ke8 38. Rc8+ Rd8 39. R1c7 Rxc7 40. Rxc7 Rd7 41. Rc6 Rb7 42. Nf2 Kd7 43. Rc2 Rc7 44. Rxc7+ Kxc7 45. Nd1 Kc6 46. Ne3 Bf8 47. Kd3 Kc5 48. Kc3 Bd6 49. Nf5 Bf8 50. Nh4 Kc6 51. Kd3 Bc5 52. Nf5 Bf8 53. Ne3 Kc5 54. Nd5 Bd6 55. Kc3 Kc6 56. Kd3 Kc5 57. Ne3 Be7 58. Nf5 Bf8 59. f4 Kc6 60. Ke3 Kd7 61. Kf3 Ke6 62. Ne3 Kd6 63. Nd5 f5 64. Nc3 fxe4+ 65. Nxe4+ Kd5 66. Nc3+ Kc4 67. fxe5 a3 68. Nd1 axb2 69. Nxb2+ Kc3 70. a4 bxa4 71. Nxa4+ Kd4 72. Kf4 Be7 73. Kf5 Bd8 74. Nb2 Bc7 75. e6 Bd6 76. Kg6 Ba3 77. Kxg7 Ke4 78. Nc4 Bc5 79. Kf7 Kf3 80. Nd2+ Kg4 81. Ne4 Bb4 82. Nf6+ Kxg3 83. Kg6 Ba3 84. Nd5 1-0

[Event "VIII Iberoamericano Mexico 2022"]
[Site "Mexico City"]
[Date "2022.02.19"]
[Round "8.29"]
[White "Estrada Nieto, Julian"]
[Black "Flores Irurso, Paul Josue"]
[Result "1-0"]
[ECO "A34"]
[WhiteElo "2253"]
[BlackElo "1912"]
[Annotator "ChessBase"]
[PlyCount "183"]
[EventDate "2022.02.12"]
[EventType "swiss"]
[EventCountry "MEX"]
[SourceTitle "playchess.com"]
[Source "ChessBase"]
[SourceQuality "1"]
[TimeControl "5400+30"]

1. e4 c5 2. Nf3 a6 3. c4 e6 4. Nc3 Nc6 5. Be2 Nf6 6. O-O Qc7 7. d4 Ng4 8. g3 cxd4 9. Nxd4 Nge5 10. Be3 Be7 11. Rc1 O-O 12. f4 Nxd4 13. Qxd4 Nc6 14. Qb6 Qxb6 15. Bxb6 d6 16. Rcd1 e5 17. Nd5 Bd8 18. f5 Rb8 19. Be3 b5 20. cxb5 axb5 21. Rc1 Bd7 22. Rfd1 Ne7 23. Nb4 Bb6 24. Bxb6 Rxb6 25. Rc7 Rd8 26. g4 Kf8 27. a3 Bc6 28. Bf3 Ba8 29. Rdc1 Rbb8 30. Kf2 Rbc8 31. Ke3 Rxc7 32. Rxc7 Rc8 33. Rd7 Nc6 34. Nxc6 Bxc6 35. Rxd6 Ke7 36. Rd2 Bd7 37. Be2 f6 38. Rd5 Rb8 39. Rd3 Bc6 40. Rc3 Kd6 41. b4 Ra8 42. Bd3 Rh8 43. Be2 Ra8 44. h4 h6 45. Bd3 Ra7 46. Bb1 Ra8 47. Ba2 Rc8 48. Rc5 Rc7 49. Bd5 Bd7 50. Rxc7 Kxc7 51. g5 hxg5 52. hxg5 Kd6 53. gxf6 gxf6 54. Bb3 Be8 55. Bd1 Bc6 56. Bc2 Be8 57. Bd3 Bc6 58. Kf3 Be8 59. Kg4 Ke7 60. Kh4 Kd6 61. Be2 Ke7 62. Bh5 Bc6 63. Bf3 Be8 64. Be2 Kd6 65. Bd3 Ke7 66. Kg3 Kd6 67. Kf2 Bc6 68. Ke3 Ke7 69. Kd2 Bd7 70. Kc3 Kd6 71. Bb1 Be8 72. Ba2 Bc6 73. Kd3 Be8 74. Bb3 Ke7 75. Kc3 Kd6 76. Bc2 Bd7 77. Kb2 Ke7 78. a4 bxa4 79. Ka3 Bc6 80. Bd3 Kd6 81. b5 Bd7 82. Kxa4 Kc5 83. Ka5 Bc8 84. b6 Bb7 85. Bb1 Bc8 86. Ba2 Bb7 87. Bd5 Bxd5 88. exd5 Kxd5 89. b7 Ke4 90. b8=Q Kxf5 91. Kb4 Kf4 92. Kc3 1-0

[Event "VIII Iberoamericano Mexico 2022"]
[Site "Mexico City"]
[Date "2022.02.19"]
[Round "8.31"]
[White "Zacarias Rodriguez, Santiago"]
[Black "Zacarias, M Ruben D"]
[Result "1-0"]
[ECO "B92"]
[WhiteElo "1896"]
[BlackElo "2174"]
[Annotator "RC"]
[PlyCount "51"]
[EventDate "2022.02.12"]
[EventType "swiss"]
[EventCountry "MEX"]
[SourceTitle "playchess.com"]
[Source "ChessBase"]
[SourceQuality "1"]
[TimeControl "5400+30"]

1. e4 c5 2. Nf3 d6 3. d4 cxd4 4. Nxd4 Nf6 5. Nc3 a6 6. Be2 e5 7. Nb3 Be7 8. Bg5 Nbd7 9. a4 b6 10. Bc4 Bb7 11. Qe2 O-O 12. O-O Qc7 13. Nd2 Rfc8 14. Bb3 Qd8 15. Rfd1 Rc5 16. Nc4 Qc7 17. Be3 Rc6 18. Nd5 Qd8 19. Nxf6+ gxf6 20. Qg4+ Kh8 21. Bh6 Bf8 22. Nxd6 Rxd6 23. Rxd6 Bxh6 24. Rxd7 Qc8 25. Qf5 Bg7 26. Rxb7 1-0

[Event "VIII Iberoamericano Mexico 2022"]
[Site "Mexico City"]
[Date "2022.02.19"]
[Round "8.36"]
[White "Macias Zamora, Jose Armando"]
[Black "Rosales Campos, Paul"]
[Result "1/2-1/2"]
[ECO "B40"]
[WhiteElo "1488"]
[BlackElo "2039"]
[Annotator "ChessBase"]
[PlyCount "73"]
[EventDate "2022.02.12"]
[EventType "swiss"]
[EventCountry "MEX"]
[SourceTitle "playchess.com"]
[Source "ChessBase"]
[SourceQuality "1"]
[TimeControl "5400+30"]

1. e4 c5 2. Nf3 e6 3. d4 cxd4 4. Nxd4 Nf6 5. Nc3 Nc6 6. Nxc6 bxc6 7. Bd3 d5 8. O-O Be7 9. Qe2 O-O 10. b3 Re8 11. Bb2 Qc7 12. e5 Nd7 13. Na4 Nf8 14. f4 c5 15. c4 d4 16. Be4 Bb7 17. Bc1 Rad8 18. Nb2 Bc8 19. Bd2 f5 20. Bf3 Bd7 21. Qe1 Rb8 22. Ba5 Qc8 23. Nd3 g6 24. Rc1 Qa6 25. Rf2 Rec8 26. Rfc2 Be8 27. b4 cxb4 28. Bxb4 Bxb4 29. Nxb4 Qa3 30. Nd5 exd5 31. Bxd5+ Kg7 32. Qh4 Rb6 33. c5 Qe3+ 34. Kh1 g5 35. Qxg5+ Ng6 36. g3 Rbc6 37. Rb1 1/2-1/2

[Event "VIII Iberoamericano Mexico 2022"]
[Site "Mexico City"]
[Date "2022.02.19"]
[Round "8.41"]
[White "Pla, Silvio"]
[Black "Lopez Padilla, Piero Raul"]
[Result "1-0"]
[ECO "A48"]
[WhiteElo "2113"]
[BlackElo "1898"]
[Annotator "NA RC"]
[PlyCount "65"]
[EventDate "2022.02.12"]
[EventType "swiss"]
[EventCountry "MEX"]
[SourceTitle "playchess.com"]
[Source "ChessBase"]
[SourceQuality "1"]
[TimeControl "5400+30"]

1. d4 Nf6 2. Bf4 g6 3. e3 Bg7 4. Nf3 b6 5. Nbd2 c5 6. c3 Bb7 7. h3 O-O 8. Be2 d6 9. O-O Nbd7 10. a4 {[%emt 0:01:39] 10.Bh2 is the fancy move.} a6 11. Bh2 Bc6 12. Bd3 {[%emt 0:15:09] [#]} d5 $146 ({Predecessor:} 12... b5 13. e4 c4 14. Bc2 Bb7 15. Qe2 Ne8 16. e5 dxe5 17. Nxe5 Nxe5 18. Bxe5 Nf6 19. Ne4 Nd7 20. Bxg7 Kxg7 {1-0 (39) Drabke,L (2462)-Spornberger,M (2347) Austria 2016}) 13. Qe2 c4 14. Bc2 Ra7 15. Ne5 Nxe5 16. Bxe5 Qa8 17. f4 b5 18. a5 Ne4 19. Nxe4 dxe4 20. Bxg7 Kxg7 21. f5 f6 22. Qg4 e6 23. fxg6 f5 24. Qf4 hxg6 25. Qe5+ Kf7 26. Rf4 Qb8 27. Qc5 $17 ({White should play} 27. Rd1 $15) 27... Bd5 28. Raf1 g5 29. Rxf5+ exf5 30. Rxf5+ Kg6 31. Rxf8 Qb7 32. Rd8 Bf7 33. Qe5 1-0

[Event "VIII Iberoamericano Mexico 2022"]
[Site "Mexico City"]
[Date "2022.02.19"]
[Round "8.45"]
[White "Ortiz Verdezoto, Anahi"]
[Black "Zaragoza Alanis, Miguel Arnulfo"]
[Result "1-0"]
[ECO "D85"]
[WhiteElo "2047"]
[BlackElo "1342"]
[Annotator "ChessBase"]
[PlyCount "67"]
[EventDate "2022.02.12"]
[EventType "swiss"]
[EventCountry "MEX"]
[SourceTitle "playchess.com"]
[Source "ChessBase"]
[SourceQuality "1"]
[TimeControl "5400+30"]

1. d4 Nf6 2. c4 g6 3. Nc3 d5 4. cxd5 Nxd5 5. Nf3 Bg7 6. e4 Nxc3 7. bxc3 c5 8. h3 Nc6 9. Be3 cxd4 10. cxd4 Qa5+ 11. Bd2 Qa3 12. d5 Ne5 13. Nxe5 Bxe5 14. Bb5+ Kf8 15. Rb1 Kg7 16. Qe2 e6 17. O-O Qe7 18. Bc4 b6 19. Be3 Bd6 20. e5 Bxe5 21. Bh6+ Kxh6 22. Qxe5 f6 23. Qe3+ Kg7 24. dxe6 Bb7 25. Rfd1 Rhd8 26. Bb5 a6 27. Bd7 Bc8 28. Rxb6 Ra7 29. Rc6 Ra8 30. Rc7 Kf8 31. Qc1 Bxd7 32. Qh6+ Qg7 33. e7+ Kf7 34. Qxg7+ 1-0

[Event "VIII Iberoamericano Mexico 2022"]
[Site "Mexico City"]
[Date "2022.02.19"]
[Round "8.46"]
[White "Ramirez Toledo, Ayleen Maribel"]
[Black "Fernandez Rivero, Karla July"]
[Result "1/2-1/2"]
[ECO "A13"]
[WhiteElo "1810"]
[BlackElo "2025"]
[Annotator "ChessBase"]
[PlyCount "67"]
[EventDate "2022.02.12"]
[EventType "swiss"]
[EventCountry "MEX"]
[SourceTitle "playchess.com"]
[Source "ChessBase"]
[SourceQuality "1"]
[TimeControl "5400+30"]

1. Nf3 Nf6 2. g3 e6 3. Bg2 d5 4. O-O Be7 5. c4 dxc4 6. Qa4+ c6 7. Qxc4 b5 8. Qc2 Bb7 9. d3 c5 10. a4 b4 11. Nbd2 O-O 12. Nc4 Nc6 13. a5 Rc8 14. b3 Nd5 15. Bb2 Nc7 16. e3 Nb5 17. Nfe5 Bf6 18. f4 Ba8 19. Rf2 Nxe5 20. Nxe5 Bxg2 21. Rxg2 Bxe5 22. Bxe5 Na3 23. Qd1 Qxa5 24. Qg4 f6 25. Qxe6+ Kh8 26. Bb2 Rfe8 27. Qf5 Qb6 28. g4 Qe6 29. Qxe6 Rxe6 30. e4 Rd8 31. Bxa3 bxa3 32. Rxa3 Rxd3 33. Rxa7 h6 34. Kh1 1/2-1/2

[Event "VIII Iberoamericano Mexico 2022"]
[Site "Mexico City"]
[Date "2022.02.18"]
[Round "8.50"]
[White "Guerrero Rodriguez, Alejandra"]
[Black "Hernandez Martinez, Jeronimo"]
[Result "1-0"]
[ECO "C78"]
[WhiteElo "2019"]
[BlackElo "1747"]
[Annotator "ChessBase"]
[PlyCount "23"]
[EventDate "2022.02.12"]
[EventType "swiss"]
[EventCountry "MEX"]
[SourceTitle "playchess.com"]
[Source "ChessBase"]
[SourceQuality "1"]
[TimeControl "5400+30"]

1. e4 e5 2. Nf3 Nc6 3. Bb5 a6 4. Ba4 Nf6 5. O-O b5 6. Bb3 Bc5 7. a4 Rb8 8. c3 O-O 9. d4 exd4 10. e5 Ne4 11. cxd4 Bb4 12. Bd5 1-0

[Event "VIII Iberoamericano Mexico 2022"]
[Site "Mexico City"]
[Date "2022.02.19"]
[Round "9.2"]
[White "Obregon Rivero, Juan Carlos"]
[Black "Vazquez, Guillermo"]
[Result "1/2-1/2"]
[ECO "B12"]
[WhiteElo "2536"]
[BlackElo "2545"]
[Annotator "ChessBase"]
[PlyCount "76"]
[EventDate "2022.02.12"]
[EventType "swiss"]
[EventCountry "MEX"]
[SourceTitle "playchess.com"]
[Source "ChessBase"]
[SourceQuality "1"]
[TimeControl "5400+30"]

1. e4 c6 2. d4 d5 3. e5 Bf5 4. h4 h5 5. c4 e6 6. Nc3 dxc4 7. Bxc4 Nd7 8. Nge2 Be7 9. Ng3 Bg6 10. Nge4 Nb6 11. Bb3 Nh6 12. Bg5 Bxe4 13. Nxe4 Nf5 14. O-O Qxd4 15. Qf3 Nd5 16. Rad1 Qxe5 17. Rfe1 Nd4 18. Qd3 Nxb3 19. Bxe7 Kxe7 20. Qxb3 Qc7 21. Qa3+ Ke8 22. Nd6+ Kf8 23. Nxb7+ Qe7 24. Nc5 Kg8 25. Rc1 Qxh4 26. Ne4 Rh6 27. Rxc6 Qg4 28. Rc4 Nf4 29. g3 h4 30. f3 Qg6 31. g4 e5 32. Qc3 Qb6+ 33. Kh1 Re6 34. Rc8+ Re8 35. Rxa8 Rxa8 36. Qxe5 Nd3 37. Qd5 Rd8 38. Nd6 Nxe1 1/2-1/2

[Event "VIII Iberoamericano Mexico 2022"]
[Site "Mexico City"]
[Date "2022.02.19"]
[Round "9.7"]
[White "Cardoso Cardoso, Jose Gabriel"]
[Black "Diaz Perez, Michel Alejandro"]
[Result "1-0"]
[ECO "C54"]
[WhiteElo "2461"]
[BlackElo "2459"]
[Annotator "ChessBase"]
[PlyCount "109"]
[EventDate "2022.02.12"]
[EventType "swiss"]
[EventCountry "MEX"]
[SourceTitle "playchess.com"]
[Source "ChessBase"]
[SourceQuality "1"]
[TimeControl "5400+30"]

1. e4 e5 2. Nf3 Nc6 3. Bc4 Bc5 4. c3 Nf6 5. d3 a6 6. a4 d6 7. O-O Ba7 8. Re1 h6 9. Nbd2 Ne7 10. Nf1 Ng6 11. Ng3 O-O 12. h3 c6 13. Bb3 Be6 14. Bc2 Re8 15. d4 Qc7 16. Be3 Rad8 17. Qb1 Nh7 18. Nf5 Bxf5 19. exf5 Ngf8 20. Bd3 exd4 21. Nxd4 c5 22. Nf3 d5 23. Qc2 Nf6 24. a5 N8d7 25. Qa4 Bb8 26. Qh4 Re7 27. g3 Rde8 28. Kg2 Qc6 29. Qa4 Qc8 30. Rad1 Ne4 31. Bxe4 Rxe4 32. Qb3 Nf6 33. Qb6 Nd7 34. Qb3 c4 35. Qa4 Nf6 36. Bd4 Nh5 37. b3 cxb3 38. Qxb3 Qxf5 39. Qxb7 Nxg3 40. fxg3 Re2+ 41. Bf2 Bxg3 42. Rxe2 Rxe2 43. Rf1 Bxf2 44. Rxf2 Re6 45. Qb8+ Kh7 46. Kh2 Re3 47. Qg3 Qd3 48. Qf4 Qxc3 49. Qxf7 Qd3 50. Rg2 Qc3 51. Qg6+ Kh8 52. Rc2 Re6 53. Qxh6+ Rxh6 54. Rxc3 Rd6 55. Ng5 1-0

[Event "VIII Iberoamericano Mexico 2022"]
[Site "Mexico City"]
[Date "2022.02.19"]
[Round "9.10"]
[White "Veiga, Jose Francisco R P N"]
[Black "Gonzalez Zamora, Juan Carlos"]
[Result "1/2-1/2"]
[ECO "E62"]
[WhiteElo "2366"]
[BlackElo "2544"]
[Annotator "ChessBase"]
[PlyCount "88"]
[EventDate "2022.02.12"]
[EventType "swiss"]
[EventCountry "MEX"]
[SourceTitle "playchess.com"]
[Source "ChessBase"]
[SourceQuality "1"]
[TimeControl "5400+30"]

1. Nf3 Nf6 2. g3 g6 3. Bg2 Bg7 4. O-O O-O 5. c4 d6 6. d4 Nc6 7. Nc3 Bf5 8. b3 Ne4 9. Bb2 Nxc3 10. Bxc3 Be4 11. Qd2 d5 12. Ne5 Nxe5 13. dxe5 Bxg2 14. Kxg2 dxc4 15. Qxd8 Rfxd8 16. bxc4 Kf8 17. Rab1 b6 18. Rfd1 Ke8 19. Kf3 a6 20. a4 Rxd1 21. Rxd1 e6 22. Ke4 Bf8 23. Bd4 Rd8 24. Rd3 h5 25. h3 Rb8 26. Rb3 Be7 27. g4 hxg4 28. hxg4 c5 29. Bb2 Rb7 30. Bc1 Kd8 31. Rf3 Rd7 32. Rd3 Kc7 33. Rxd7+ Kxd7 34. Kd3 Kc6 35. Kc2 Bh4 36. Be3 Bd8 37. Bd2 Bc7 38. Bc3 b5 39. Kb3 Bd8 40. Bd2 Bb6 41. g5 Bd8 42. f4 Bc7 43. Be1 Bd8 44. Bd2 Bc7 1/2-1/2